Avalanche vs Flames

Created - 7 novembre 2019 at 17:39

Goals
1 2 3 OT1 SO T
Avalanche 2 1 0 0 2 4
Flames 0 1 2 0 0 3
Shots
1 2 3 OT1 SO T
Avalanche 9 16 10 4 3 39
Flames 13 4 19 3 2 39

1st period

1. Avalanche , Mark Giordano 3 (Nikita Kucherov 5, Aleksander Barkov 14) at 13:54 (PP)
2. Avalanche , Aleksander Barkov 3 (Johnny Gaudreau 5) at 19:44

Penalties :
Victor Hedman (CAL) for Roughing (Minor) at 13:51

2nd period

3. Avalanche , Aleksander Barkov 4 (Johnny Gaudreau 6, Nikita Kucherov 6) at 6:27 (PP)
4. Flames , Nick Bjugstad 4 (Leo Komarov 3, Drew Doughty 5) at 18:54

Penalties :
Cedric Paquette (COL) for Hooking (Minor) at 1:16, Drew Doughty (CAL) for Interference (Minor) at 6:13, Drew Doughty (CAL) for Holding (Minor) at 10:45, Victor Hedman (CAL) for Tripping (Minor) at 13:21

3rd period

5. Flames , David Krejci 6 (Sam Reinhart 9) at 2:21 (PP)
6. Flames , Sam Reinhart 8 (David Krejci 8) at 19:39

Penalties :
Jay Bouwmeester (COL) for Boarding (Minor) at 2:18, Anders Lee (CAL) for Goalie Interference (Minor) at 4:34

Overtime #1

No Goal

Penalties :
No Penalty

Shootout

Avalanche, Aleksander Barkov - Stopped by Carey Price
Flames, Sam Reinhart - Stopped by Pekka Rinne
Avalanche, Anthony Duclair - Goal!
Flames, Anders Lee - Shot Misses the Net
Avalanche, Braydon Coburn - Goal!

Penalties :
No Penalty

Goalie Stats

Pekka Rinne (COL), 36 saves from 39 shots - (0,923), W, 4-5-0, 65:00 minutes
Carey Price (CAL), 36 saves from 39 shots - (0,923), OTL, 8-3-2, 64:46 minutes

Players Stats for Avalanche

Player Name              G  A  P  +/- PIM S  H  SB GA TA FO     MP     PP MP  PK MP  
------------------------------------------------------------------------------------
Aleksander Barkov        2  1  3   0  0   9  2  0  3  2  21/37  22:13   3:42   0:56 
Anthony Duclair          0  0  0   0  0   2  0  0  3  0  1/2    14:16   0:01   0:47 
Braydon Coburn           0  0  0   0  0   0  1  0  0  0  0/0    12:03   0:00   0:00 
Calvin de Haan           0  0  0  -2  0   0  1  0  1  0  0/0    20:56   2:19   0:00 
Carl Grundstrom          0  0  0   0  0   1  1  0  1  0  0/0     7:41   0:00   0:00 
Cedric Paquette          0  0  0   0  2   2  2  1  1  0  6/13   14:41   0:01   0:03 
Jaccob Slavin            0  0  0   0  0   0  1  2  0  0  0/0    17:10   2:19   0:48 
Jay Bouwmeester          0  0  0  -2  2   0  2  0  0  0  0/0    21:33   0:00   0:48 
Johnny Gaudreau          0  2  2   0  0   3  3  0  0  0  0/1    19:46   3:41   0:00 
Jujhar Khaira            0  0  0   0  0   3  1  0  1  0  0/0     7:41   0:00   0:00 
Mark Giordano            1  0  1   1  0   3  2  2  0  1  0/0    26:56   3:55   1:14 
Mark Jankowski           0  0  0   0  0   0  0  1  0  0  3/4     9:23   0:00   0:59 
Mark Stone               0  0  0   0  0   3  1  1  0  0  0/2    19:46   2:32   0:46 
Mattias Ekholm           0  0  0   1  0   2  0  0  1  3  0/0    26:21   3:55   1:14 
Nikita Kucherov          0  2  2  -1  0   7  1  0  0  2  1/1    21:09   3:41   0:00 
Pavel Buchnevich         0  0  0  -1  0   1  1  1  0  1  0/0    18:24   2:32   0:16 
Sean Couturier           0  0  0  -1  0   2  1  0  1  0  10/22  19:34   2:32   0:17 
Zack Kassian             0  0  0   0  0   1  4  2  1  0  0/0    13:23   0:00   0:00 

Players Stats for Flames

Player Name              G  A  P  +/- PIM S  H  SB GA TA FO     MP     PP MP  PK MP  
------------------------------------------------------------------------------------
Alex Chiasson            0  0  0  -1  0   3  2  0  1  0  2/2    16:16   0:56   0:00 
Anders Lee               0  0  0   1  2   3  2  0  1  2  0/5    22:16   1:06   0:00 
Brad Richardson          0  0  0   1  0   4  3  0  1  0  7/18   16:49   0:56   4:16 
Brandon Manning          0  0  0   0  0   1  1  0  0  2  0/0    12:14   0:00   1:09 
David Kampf              0  0  0   0  0   1  1  0  1  0  1/3     9:45   0:00   1:22 
David Krejci             1  1  2   1  0   3  0  0  0  0  20/33  21:40   1:06   0:00 
David Savard             0  0  0   1  0   3  2  1  0  1  0/0    23:05   1:17   4:21 
Drew Doughty             0  1  1   0  4   2  0  1  0  3  0/0    24:50   0:00   0:00 
Kevan Miller             0  0  0   0  0   2  1  0  0  0  0/0    13:58   0:45   1:53 
Leo Komarov              0  1  1   1  0   2  1  1  0  1  0/0    14:59   0:00   4:13 
Marcus Sorensen          0  0  0   0  0   1  0  2  0  1  0/0     9:45   0:00   1:22 
Nick Bjugstad            1  0  1   1  0   2  0  0  1  0  0/0    10:53   0:00   0:00 
Nick Jensen              0  0  0   1  0   1  0  0  0  0  0/0    20:28   0:45   1:53 
Pavel Zacha              0  0  0  -1  0   1  0  0  0  0  9/14   16:17   0:56   0:36 
Ryan Donato              0  0  0  -1  0   3  0  0  1  0  1/2    14:38   0:00   0:39 
Sam Reinhart             1  1  2   1  0   6  0  0  1  2  0/2    22:02   1:06   0:00 
Victor Hedman            0  0  0   0  4   1  3  2  2  1  0/0    30:38   1:17   3:12 
Victor Rask              0  0  0   0  0   0  0  0  0  0  0/3     8:08   0:00   0:00 

3 Stars

1 - Aleksander Barkov (COL)
2 - Mark Giordano (COL)
3 - David Krejci (CAL)

Power Play

Avalanche - 2 on 5 Attempt(s) - 40,00%
Flames - 1 on 2 Attempt(s) - 50,00%

Penalty Kill

Avalanche - 1 on 2 Attempt(s) - 50,00% - Score 0 goal in Penalty Kill
Flames - 3 on 5 Attempt(s) - 60,00% - Score 0 goal in Penalty Kill

Team Stat

Avalanche - Hits : 24 - Faceoff Wins : 42 - Blocked Shots : 10 - Penalty Minutes : 4
Flames - Hits : 16 - Faceoff Wins : 40 - Blocked Shots : 7 - Penalty Minutes : 10

Official

Referees : Mike Hasenfratz and Dave Lewis
Linesman : Brian Mach and Brandon Gawryletz

Game Notes

No Game Note

Finance

Level 1 -- Attendance: 4409 (73,48%) -- Ticket Income 440 900 $
Level 2 -- Attendance: 5000 (100,00%) -- Ticket Income 300 000 $
Level 3 -- Attendance: 1813 (90,65%) -- Ticket Income 63 455 $
Level 4 -- Attendance: 3972 (99,30%) -- Ticket Income 79 440 $
Luxury Box -- Attendance: 715 (71,50%) -- Ticket Income 143 000 $
Game was played at the Ghost Rider Center.
Total Attendance: 15909 (88,38%)
Total Ticket Income: 1 026 795 $
Other Income: 503 130 $
Total Income: 1 529 925 $

Avalanche

5 vs 5 Forward 
   Center                   Left Wing                Right Wing               Time % Phy DF OF 
 1 Aleksander Barkov        Johnny Gaudreau          Mark Stone               33     0   2  3  
 2 Sean Couturier           Pavel Buchnevich         Nikita Kucherov          32     0   2  3  
 3 Cedric Paquette          Anthony Duclair          Zack Kassian             27     0   2  3  
 4 Mark Jankowski           Jujhar Khaira            Carl Grundstrom          8      0   3  2  

5 vs 5 Defense 
   Defense                  Defense                                           Time % Phy DF OF 
 1 Mark Giordano            Mattias Ekholm                                    36     1   2  2  
 2 Jay Bouwmeester          Calvin de Haan                                    34     0   3  2  
 3 Braydon Coburn           Jaccob Slavin                                     22     0   3  2  
 4 Jay Bouwmeester          Jaccob Slavin                                     8      0   3  2  

PowerPlay Forward 
   Center                   Left Wing                Right Wing               Time % Phy DF OF 
 1 Aleksander Barkov        Johnny Gaudreau          Nikita Kucherov          55     0   2  3  
 2 Sean Couturier           Pavel Buchnevich         Mark Stone               45     0   2  3  

PowerPlay Defense
   Defense                  Defense                                           Time % Phy DF OF 
 1 Mark Giordano            Mattias Ekholm                                    55     0   3  2  
 2 Jaccob Slavin            Calvin de Haan                                    45     0   3  2  

Penalty Kill 4 Players Forward 
   Center                   Wing                     Time % Phy DF OF 
 1 Cedric Paquette          Mark Jankowski           60     0   3  2  
 2 Aleksander Barkov        Jujhar Khaira            40     0   3  2  

Penalty Kill 4 Players Defense
   Defense                  Defense                  Time % Phy DF OF 
 1 Mark Giordano            Mattias Ekholm           60     0   3  2  
 2 Jaccob Slavin            Jay Bouwmeester          40     0   3  2  

Penalty Kill - 3 Players Forward 
   Forward                                           Time % Phy DF OF 
 1 Cedric Paquette                                   60     0   4  1  
 2 Sean Couturier                                    40     0   4  1  

Penalty Kill - 3 Players Defense
   Defense                  Defense                  Time % Phy DF OF 
 1 Mark Giordano            Mattias Ekholm           60     0   4  1  
 2 Jaccob Slavin            Jay Bouwmeester          40     0   4  1  

4 vs 4 Forward 
   Center                   Wing                     Time % Phy DF OF 
 1 Aleksander Barkov        Anthony Duclair          55     0   2  3  
 2 Sean Couturier           Zack Kassian             45     0   2  3  

4 vs 4 Defense
   Defense                  Defense                  Time % Phy DF OF 
 1 Mark Giordano            Mattias Ekholm           55     0   3  2  
 2 Jaccob Slavin            Jay Bouwmeester          45     0   3  2  

Last Minutes Offensive
   Center                   Left Wing                Right Wing               Defense                  Defense                  
   Aleksander Barkov        Johnny Gaudreau          Nikita Kucherov          Mark Giordano            Mattias Ekholm           

Last Minutes Defensive
   Center                   Left Wing                Right Wing               Defense                  Defense                  
   Cedric Paquette          Mark Jankowski           Mark Stone               Jaccob Slavin            Jay Bouwmeester          

Goaltenders
Starting : Pekka Rinne              
Backup : Brian Elliott            

Extra Forwards
Normal : Mark Stone, Johnny Gaudreau, Nikita Kucherov - PP : Pavel Buchnevich, Cedric Paquette - PK : Mark Stone
Extra Defensemen
Normal : Jay Bouwmeester, Jaccob Slavin, Mark Giordano - PP : Calvin de Haan - PK : Mattias Ekholm, Jaccob Slavin
Penalty Shots
Aleksander Barkov, Anthony Duclair, Braydon Coburn, Mark Giordano, Calvin de Haan
Custom OT Lines Forwards
Aleksander Barkov, Nikita Kucherov, Sean Couturier, Mark Stone, Cedric Paquette, Johnny Gaudreau, Mark Jankowski, Pavel Buchnevich, Zack Kassian, Anthony Duclair
Custom OT Lines Defensemen
Mark Giordano, Mattias Ekholm, Jaccob Slavin, Jay Bouwmeester, Calvin de Haan

Scratches
Eric Fehr (Healthy), Marc Methot (Healthy), Robert Bortuzzo (Herniated Disc Injury), Michael Hutchinson (Healthy)

Flames

5 vs 5 Forward 
   Center                   Left Wing                Right Wing               Time % Phy DF OF 
 1 David Krejci             Anders Lee               Sam Reinhart             40     1   2  2  
 2 Pavel Zacha              Ryan Donato              Alex Chiasson            30     1   2  2  
 3 Brad Richardson          Leo Komarov              Nick Bjugstad            20     1   2  2  
 4 Victor Rask              Marcus Sorensen          David Kampf              10     1   2  2  

5 vs 5 Defense 
   Defense                  Defense                                           Time % Phy DF OF 
 1 Victor Hedman            Drew Doughty                                      40     1   2  2  
 2 Nick Jensen              David Savard                                      30     1   2  2  
 3 Brandon Manning          Kevan Miller                                      20     1   2  2  
 4 Drew Doughty             Victor Hedman                                     10     1   2  2  

PowerPlay Forward 
   Center                   Left Wing                Right Wing               Time % Phy DF OF 
 1 David Krejci             Anders Lee               Sam Reinhart             60     1   2  2  
 2 Pavel Zacha              Brad Richardson          Alex Chiasson            40     1   2  2  

PowerPlay Defense
   Defense                  Defense                                           Time % Phy DF OF 
 1 Victor Hedman            David Savard                                      60     1   2  2  
 2 Nick Jensen              Kevan Miller                                      40     1   2  2  

Penalty Kill 4 Players Forward 
   Center                   Wing                     Time % Phy DF OF 
 1 Brad Richardson          Leo Komarov              60     1   2  2  
 2 David Kampf              Marcus Sorensen          40     1   2  2  

Penalty Kill 4 Players Defense
   Defense                  Defense                  Time % Phy DF OF 
 1 Victor Hedman            David Savard             60     1   2  2  
 2 Nick Jensen              Kevan Miller             40     1   2  2  

Penalty Kill - 3 Players Forward 
   Forward                                           Time % Phy DF OF 
 1 Brad Richardson                                   60     1   2  2  
 2 David Kampf                                       40     1   2  2  

Penalty Kill - 3 Players Defense
   Defense                  Defense                  Time % Phy DF OF 
 1 Nick Jensen              Kevan Miller             60     1   2  2  
 2 David Savard             Brandon Manning          40     1   2  2  

4 vs 4 Forward 
   Center                   Wing                     Time % Phy DF OF 
 1 Sam Reinhart             Anders Lee               60     1   2  2  
 2 David Krejci             Alex Chiasson            40     1   2  2  

4 vs 4 Defense
   Defense                  Defense                  Time % Phy DF OF 
 1 Victor Hedman            Drew Doughty             60     1   2  2  
 2 Nick Jensen              David Savard             40     1   2  2  

Last Minutes Offensive
   Center                   Left Wing                Right Wing               Defense                  Defense                  
   David Krejci             Anders Lee               Sam Reinhart             Victor Hedman            David Savard             

Last Minutes Defensive
   Center                   Left Wing                Right Wing               Defense                  Defense                  
   Brad Richardson          Pavel Zacha              David Kampf              Kevan Miller             Nick Jensen              

Goaltenders
Starting : Carey Price              
Backup : Curtis McElhinney        

Extra Forwards
Normal : Sam Reinhart, Anders Lee, David Krejci - PP : Brad Richardson, Nick Bjugstad - PK : Pavel Zacha
Extra Defensemen
Normal : Drew Doughty, Victor Hedman, David Savard - PP : Brandon Manning - PK : Brandon Manning, Nick Jensen
Penalty Shots
Sam Reinhart, Anders Lee, Brad Richardson, Alex Chiasson, Pavel Zacha
Custom OT Lines Forwards
Sam Reinhart, Anders Lee, David Krejci, Alex Chiasson, Pavel Zacha, Brad Richardson, Nick Bjugstad, Ryan Donato, Marcus Sorensen, David Kampf
Custom OT Lines Defensemen
Victor Hedman, Drew Doughty, Nick Jensen, David Savard, Brandon Manning

Scratches
Jeff Carter (Right Forearm Injury), Reid Petryk (Healthy), John Ramage (Healthy), Alex Biega (Healthy)

% Time on Ice - Avalanche

Lines # - Real PCT - Wanted PCT - Time Play
Normal Forward
1 - 30% - 33% - 15:17
2 - 30% - 32% - 15:23
3 - 26% - 27% - 13:23
4 - 15% - 8% - 7:41
Normal Defense
1 - 37% - 36% - 19:19
2 - 36% - 34% - 18:37
3 - 21% - 22% - 10:50
4 - 6% - 8% - 2:58
PP Forward
1 - 59% - 55% - 3:42
2 - 41% - 45% - 2:32
PP Defense
1 - 63% - 55% - 3:55
2 - 37% - 45% - 2:19
PK Forward
1 - 100% - 60% - 2:02
2 - 0% - 40% - 0:00
PK Defense
1 - 61% - 60% - 1:14
2 - 39% - 40% - 0:48
PK3 Forward
1 - 0% - 60%
2 - 0% - 40%
PK3 Defense
1 - 0% - 60%
2 - 0% - 40%
44 Forward
1 - 0% - 55%
2 - 0% - 45%
44 Defense
1 - 0% - 55%
2 - 0% - 45%
Last Minute Offensive  - 0:00
Last Minute Defensive  - 0:00
Total
Forward - 60:00
Defense - 60:00

% Time on Ice - Flames

Lines # - Real PCT - Wanted PCT - Time Play
Normal Forward
1 - 37% - 40% - 18:34
2 - 27% - 30% - 13:54
3 - 20% - 20% - 10:14
4 - 16% - 10% - 8:08
Normal Defense
1 - 38% - 40% - 19:31
2 - 33% - 30% - 16:42
3 - 22% - 20% - 11:05
4 - 7% - 10% - 3:32
PP Forward
1 - 54% - 60% - 1:06
2 - 46% - 40% - 0:56
PP Defense
1 - 63% - 60% - 1:17
2 - 37% - 40% - 0:45
PK Forward
1 - 78% - 60% - 4:52
2 - 22% - 40% - 1:22
PK Defense
1 - 70% - 60% - 4:21
2 - 30% - 40% - 1:53
PK3 Forward
1 - 0% - 60%
2 - 0% - 40%
PK3 Defense
1 - 0% - 60%
2 - 0% - 40%
44 Forward
1 - 0% - 60%
2 - 0% - 40%
44 Defense
1 - 0% - 60%
2 - 0% - 40%
Last Minute Offensive  - 0:54
Last Minute Defensive  - 0:00
Total
Forward - 60:00
Defense - 60:00

Play-by-Play

1st period


0:01 of 1st period - David Krejci wins face-off versus Aleksander Barkov in neutral zone.
0:10 of 1st period - Wrist shot by Anders Lee.
0:10 of 1st period - Shot Misses the Net.
1:27 of 1st period - Carl Grundstrom is hit by David Kampf and loses puck.
1:54 of 1st period - Wrist shot by Jujhar Khaira.
1:54 of 1st period - Stopped by Carey Price without a rebound.
1:55 of 1st period - David Krejci wins face-off versus Aleksander Barkov in Flames zone.
1:55 of 1st period - David Krejci is hit by Braydon Coburn.
2:21 of 1st period - Jaccob Slavin is hit by Alex Chiasson and loses puck.
2:50 of 1st period - Wrist shot by Brad Richardson.
2:50 of 1st period - Stopped by Pekka Rinne without a rebound.
2:51 of 1st period - David Krejci wins face-off versus Aleksander Barkov in Avalanche zone.
2:57 of 1st period - Icing by Mark Giordano.
2:58 of 1st period - David Krejci wins face-off versus Aleksander Barkov in Avalanche zone.
4:03 of 1st period - Wrist shot by Carl Grundstrom.
4:03 of 1st period - Stopped by Carey Price without a rebound.
4:04 of 1st period - Mark Jankowski wins face-off versus David Krejci in Flames zone.
4:19 of 1st period - Jujhar Khaira is hit by David Savard and loses puck.
4:27 of 1st period - Icing by Jay Bouwmeester.
4:28 of 1st period - Mark Jankowski wins face-off versus Pavel Zacha in Avalanche zone.
4:55 of 1st period - Jay Bouwmeester is hit by Leo Komarov and loses puck.
5:02 of 1st period - Wrist shot by Brad Richardson.
5:02 of 1st period - Stopped by Pekka Rinne with a rebound.
5:04 of 1st period - Snap shot by Leo Komarov.
5:04 of 1st period - Shot Blocked by Mark Stone.
5:06 of 1st period - Backhand shot by Kevan Miller.
5:06 of 1st period - Stopped by Pekka Rinne with a rebound.
5:26 of 1st period - Snap shot by Anthony Duclair.
5:26 of 1st period - Deflect By Zack Kassian.
5:26 of 1st period - Stopped by Carey Price with a rebound.
6:43 of 1st period - Off-side.
6:44 of 1st period - Cedric Paquette wins face-off versus David Krejci in neutral zone.
6:49 of 1st period - Snap shot by Anthony Duclair.
6:49 of 1st period - Shot Blocked by David Savard.
6:59 of 1st period - Wrist shot by Anders Lee.
6:59 of 1st period - Stopped by Pekka Rinne without a rebound.
7:00 of 1st period - Pavel Zacha wins face-off versus Aleksander Barkov in Avalanche zone.
7:13 of 1st period - Slapshot by Aleksander Barkov.
7:13 of 1st period - Stopped by Carey Price without a rebound.
7:14 of 1st period - David Krejci wins face-off versus Sean Couturier in Flames zone.
7:21 of 1st period - Snap shot by Nikita Kucherov.
7:21 of 1st period - Stopped by Carey Price without a rebound.
7:22 of 1st period - Sean Couturier wins face-off versus David Krejci in Flames zone.
8:04 of 1st period - Wrist shot by Sam Reinhart.
8:04 of 1st period - Shot Misses the Net.
8:06 of 1st period - Wrist shot by Sam Reinhart.
8:06 of 1st period - Stopped by Pekka Rinne with a rebound.
8:08 of 1st period - Wrist shot by Anders Lee.
8:08 of 1st period - Shot Misses the Net.
8:10 of 1st period - Slapshot by Drew Doughty.
8:10 of 1st period - Deflect By Sam Reinhart.
8:10 of 1st period - Deflect By Sean Couturier.
8:10 of 1st period - Stopped by Pekka Rinne without a rebound.
8:11 of 1st period - Pavel Zacha wins face-off versus Aleksander Barkov in Avalanche zone.
8:12 of 1st period - Wrist shot by Ryan Donato.
8:12 of 1st period - Shot Blocked by Jaccob Slavin.
8:51 of 1st period - Backhand shot by Nick Bjugstad.
8:51 of 1st period - Deflect By Brad Richardson.
8:51 of 1st period - Stopped by Pekka Rinne with a rebound.
9:19 of 1st period - Icing by Mark Giordano.
9:20 of 1st period - Aleksander Barkov wins face-off versus Pavel Zacha in Avalanche zone.
9:34 of 1st period - Pavel Zacha is hit by Mark Giordano and loses puck.
10:15 of 1st period - Slapshot by Jujhar Khaira.
10:15 of 1st period - Stopped by Carey Price without a rebound.
10:16 of 1st period - Pavel Zacha wins face-off versus Aleksander Barkov in Flames zone.
10:41 of 1st period - Nick Jensen is hit by Cedric Paquette and loses puck.
10:54 of 1st period - Cedric Paquette is hit by Brad Richardson and loses puck.
11:20 of 1st period - Slapshot by Drew Doughty.
11:20 of 1st period - Stopped by Pekka Rinne without a rebound.
11:21 of 1st period - Aleksander Barkov wins face-off versus Sam Reinhart in Avalanche zone.
11:34 of 1st period - Snap shot by Anders Lee.
11:34 of 1st period - Stopped by Pekka Rinne without a rebound.
11:35 of 1st period - Alex Chiasson wins face-off versus Aleksander Barkov in Avalanche zone.
11:48 of 1st period - Snap shot by Johnny Gaudreau.
11:48 of 1st period - Shot Blocked by Victor Hedman.
12:31 of 1st period - Kevan Miller is hit by Jaccob Slavin.
13:29 of 1st period - David Krejci is hit by Cedric Paquette and loses puck.
13:48 of 1st period - Wrist shot by Nikita Kucherov.
13:48 of 1st period - Stopped by Carey Price without a rebound.
13:49 of 1st period - Pavel Zacha wins face-off versus Sean Couturier in Flames zone.
13:51 of 1st period - Minor Penalty to Victor Hedman for Roughing.
13:52 of 1st period - Aleksander Barkov wins face-off versus Brad Richardson in Flames zone.
13:52 of 1st period - Snap shot by Nikita Kucherov.
13:52 of 1st period - Shot Misses the Net.
13:54 of 1st period - Slapshot by Mark Giordano.
13:54 of 1st period - Goal by Mark Giordano - Avalanche : 1 - Flames : 0.
13:55 of 1st period - David Krejci wins face-off versus Sean Couturier in neutral zone.
14:12 of 1st period - Backhand shot by Nikita Kucherov.
14:12 of 1st period - Shot Misses the Net.
14:19 of 1st period - Icing by Victor Hedman.
14:20 of 1st period - Aleksander Barkov wins face-off versus David Krejci in Flames zone.
14:43 of 1st period - Wrist shot by Sam Reinhart.
14:43 of 1st period - Shot Blocked by Zack Kassian.
14:45 of 1st period - Slapshot by Victor Hedman.
14:45 of 1st period - Shot Blocked by Jaccob Slavin.
15:29 of 1st period - Snap shot by Sam Reinhart.
15:29 of 1st period - Stopped by Pekka Rinne without a rebound.
15:30 of 1st period - Sean Couturier wins face-off versus Pavel Zacha in Avalanche zone.
15:52 of 1st period - Icing by Sean Couturier.
15:53 of 1st period - Sean Couturier wins face-off versus Brad Richardson in Avalanche zone.
17:00 of 1st period - Slapshot by Brad Richardson.
17:00 of 1st period - Stopped by Pekka Rinne with a rebound.
17:02 of 1st period - Slapshot by Brandon Manning.
17:02 of 1st period - Stopped by Pekka Rinne with a rebound.
17:04 of 1st period - Slapshot by Nick Bjugstad.
17:04 of 1st period - Shot Blocked by Mark Jankowski.
17:30 of 1st period - Icing by David Savard.
17:31 of 1st period - Sean Couturier wins face-off versus David Krejci in Flames zone.
18:04 of 1st period - Alex Chiasson is hit by Mark Stone and loses puck.
19:08 of 1st period - Slapshot by Pavel Zacha.
19:08 of 1st period - Stopped by Pekka Rinne without a rebound.
19:09 of 1st period - David Krejci wins face-off versus Johnny Gaudreau in Avalanche zone.
19:12 of 1st period - Snap shot by David Krejci.
19:12 of 1st period - Shot Hit the Post.
19:19 of 1st period - Icing by Aleksander Barkov.
19:20 of 1st period - Pavel Zacha wins face-off versus Mark Stone in Avalanche zone.
19:29 of 1st period - Drew Doughty is hit by Johnny Gaudreau and loses puck.
19:44 of 1st period - Wrist shot by Aleksander Barkov.
19:44 of 1st period - Goal by Aleksander Barkov - Avalanche : 2 - Flames : 0.
19:45 of 1st period - David Krejci wins face-off versus Sean Couturier in neutral zone.
Goals for this period are 2 for Avalanche vs 0 for Flames.
Shots for this period are 9 for Avalanche vs 13 for Flames.

2nd period


0:01 of 2nd period - David Krejci wins face-off versus Sean Couturier in neutral zone.
0:04 of 2nd period - Slapshot by Anders Lee.
0:04 of 2nd period - Shot Misses the Net.
1:03 of 2nd period - Slapshot by David Krejci.
1:03 of 2nd period - Deflect By Anders Lee.
1:03 of 2nd period - Shot Misses the Net.
1:03 of 2nd period - Puck is out of play.
1:04 of 2nd period - Cedric Paquette wins face-off versus David Krejci in Avalanche zone.
1:16 of 2nd period - Minor Penalty to Cedric Paquette for Hooking.
1:17 of 2nd period - David Krejci wins face-off versus Mark Jankowski in Avalanche zone.
2:23 of 2nd period - Aleksander Barkov is hit by Alex Chiasson and loses puck.
3:16 of 2nd period - Penalty to Cedric Paquette is over, Cedric Paquette is back on ice.
3:24 of 2nd period - Snap shot by Aleksander Barkov.
3:24 of 2nd period - Deflect By Pavel Buchnevich.
3:24 of 2nd period - Stopped by Carey Price with a rebound.
3:26 of 2nd period - Snap shot by Pavel Buchnevich.
3:26 of 2nd period - Shot Misses the Net.
3:28 of 2nd period - Backhand shot by Mark Giordano.
3:28 of 2nd period - Deflect By Aleksander Barkov.
3:28 of 2nd period - Shot Blocked by Marcus Sorensen.
3:28 of 2nd period - Puck is out of play.
3:29 of 2nd period - Nikita Kucherov wins face-off versus Victor Rask in Flames zone.
3:47 of 2nd period - Icing by Brandon Manning.
3:48 of 2nd period - Anthony Duclair wins face-off versus Brad Richardson in Flames zone.
4:02 of 2nd period - Jaccob Slavin is hit by Brad Richardson and loses puck.
4:15 of 2nd period - Snap shot by Alex Chiasson.
4:15 of 2nd period - Shot Blocked by Zack Kassian.
4:17 of 2nd period - Snap shot by Alex Chiasson.
4:17 of 2nd period - Shot Misses the Net.
4:19 of 2nd period - Wrist shot by Pavel Zacha.
4:19 of 2nd period - Shot Hit the Post.
4:21 of 2nd period - Wrist shot by Ryan Donato.
4:21 of 2nd period - Stopped by Pekka Rinne without a rebound.
4:22 of 2nd period - Sean Couturier wins face-off versus David Krejci in Avalanche zone.
4:29 of 2nd period - Snap shot by Sean Couturier.
4:29 of 2nd period - Stopped by Carey Price with a rebound.
4:49 of 2nd period - David Savard is hit by Jujhar Khaira and loses puck.
4:56 of 2nd period - Slapshot by Mark Giordano.
4:56 of 2nd period - Shot Misses the Net.
4:58 of 2nd period - Wrist shot by Jujhar Khaira.
4:58 of 2nd period - Stopped by Carey Price with a rebound.
5:32 of 2nd period - Anders Lee is hit by Calvin de Haan and loses puck.
6:13 of 2nd period - Minor Penalty to Drew Doughty for Interference.
6:14 of 2nd period - Aleksander Barkov wins face-off versus Brad Richardson in Flames zone.
6:27 of 2nd period - Slapshot by Aleksander Barkov.
6:27 of 2nd period - Deflect By David Savard.
6:27 of 2nd period - Goal by Aleksander Barkov - Avalanche : 3 - Flames : 0.
6:28 of 2nd period - Aleksander Barkov wins face-off versus David Krejci in neutral zone.
6:33 of 2nd period - Slapshot by Mark Stone.
6:33 of 2nd period - Stopped by Carey Price with a rebound.
6:43 of 2nd period - David Krejci is hit by Mark Giordano and loses puck.
7:18 of 2nd period - Wrist shot by Cedric Paquette.
7:18 of 2nd period - Stopped by Carey Price with a rebound.
7:58 of 2nd period - Snap shot by Aleksander Barkov.
7:58 of 2nd period - Stopped by Carey Price without a rebound.
7:59 of 2nd period - Aleksander Barkov wins face-off versus Sam Reinhart in Flames zone.
8:00 of 2nd period - Wrist shot by Johnny Gaudreau.
8:00 of 2nd period - Stopped by Carey Price with a rebound.
8:05 of 2nd period - Icing by Sam Reinhart.
8:06 of 2nd period - Aleksander Barkov wins face-off versus David Krejci in Flames zone.
8:54 of 2nd period - Slapshot by David Krejci.
8:54 of 2nd period - Shot Misses the Net.
9:16 of 2nd period - Slapshot by Aleksander Barkov.
9:16 of 2nd period - Stopped by Carey Price with a rebound.
9:18 of 2nd period - Snap shot by Mattias Ekholm.
9:18 of 2nd period - Stopped by Carey Price without a rebound.
9:19 of 2nd period - Pavel Zacha wins face-off versus Sean Couturier in Flames zone.
9:19 of 2nd period - Pavel Zacha is hit by Jay Bouwmeester.
9:45 of 2nd period - Victor Hedman is hit by Zack Kassian.
10:39 of 2nd period - Snap shot by Nikita Kucherov.
10:39 of 2nd period - Shot Misses the Net.
10:45 of 2nd period - Minor Penalty to Drew Doughty for Holding.
10:46 of 2nd period - Aleksander Barkov wins face-off versus Brad Richardson in Flames zone.
10:47 of 2nd period - Slapshot by Nikita Kucherov.
10:47 of 2nd period - Stopped by Carey Price without a rebound.
10:48 of 2nd period - Aleksander Barkov wins face-off versus Brad Richardson in Flames zone.
10:51 of 2nd period - Snap shot by Johnny Gaudreau.
10:51 of 2nd period - Stopped by Carey Price with a rebound.
10:53 of 2nd period - Snap shot by Aleksander Barkov.
10:53 of 2nd period - Shot Blocked by Victor Hedman.
10:55 of 2nd period - Slapshot by Mattias Ekholm.
10:55 of 2nd period - Stopped by Carey Price without a rebound.
10:56 of 2nd period - Brad Richardson wins face-off versus Aleksander Barkov in Flames zone.
11:06 of 2nd period - Off-side.
11:07 of 2nd period - Aleksander Barkov wins face-off versus Brad Richardson in neutral zone.
11:39 of 2nd period - Off-side.
11:40 of 2nd period - Sean Couturier wins face-off versus David Kampf in neutral zone.
12:45 of 2nd period - Penalty to Drew Doughty is over, Drew Doughty is back on ice.
12:49 of 2nd period - Mark Giordano is hit by Victor Hedman and loses puck.
12:59 of 2nd period - Icing by Marcus Sorensen.
13:00 of 2nd period - David Kampf wins face-off versus Cedric Paquette in Flames zone.
13:21 of 2nd period - Minor Penalty to Victor Hedman for Tripping.
13:22 of 2nd period - Brad Richardson wins face-off versus Aleksander Barkov in Flames zone.
13:55 of 2nd period - Slapshot by Mark Giordano.
13:55 of 2nd period - Deflect By Kevan Miller.
13:55 of 2nd period - Stopped by Carey Price with a rebound.
14:05 of 2nd period - Slapshot by David Kampf.
14:05 of 2nd period - Shot Blocked by Pavel Buchnevich.
15:21 of 2nd period - Penalty to Victor Hedman is over, Victor Hedman is back on ice.
15:34 of 2nd period - Anders Lee is hit by Carl Grundstrom and loses puck.
15:57 of 2nd period - David Kampf is hit by Zack Kassian and loses puck.
16:36 of 2nd period - Slapshot by Victor Hedman.
16:36 of 2nd period - Shot Misses the Net.
16:46 of 2nd period - Mark Stone is hit by Anders Lee.
16:58 of 2nd period - Drew Doughty is hit by Jay Bouwmeester and loses puck.
17:23 of 2nd period - Wrist shot by Ryan Donato.
17:23 of 2nd period - Stopped by Pekka Rinne with a rebound.
17:35 of 2nd period - Snap shot by Johnny Gaudreau.
17:35 of 2nd period - Deflect By Aleksander Barkov.
17:35 of 2nd period - Stopped by Carey Price without a rebound.
17:36 of 2nd period - Brad Richardson wins face-off versus Aleksander Barkov in Flames zone.
17:45 of 2nd period - Wrist shot by Brad Richardson.
17:45 of 2nd period - Shot Misses the Net.
17:47 of 2nd period - Slapshot by David Savard.
17:47 of 2nd period - Shot Misses the Net.
17:49 of 2nd period - Snap shot by Leo Komarov.
17:49 of 2nd period - Stopped by Pekka Rinne without a rebound.
17:50 of 2nd period - Sean Couturier wins face-off versus David Krejci in Avalanche zone.
18:17 of 2nd period - Kevan Miller is hit by Johnny Gaudreau and loses puck.
18:24 of 2nd period - Snap shot by Johnny Gaudreau.
18:24 of 2nd period - Deflect By Aleksander Barkov.
18:24 of 2nd period - Stopped by Carey Price without a rebound.
18:25 of 2nd period - Alex Chiasson wins face-off versus Mark Stone in Flames zone.
18:54 of 2nd period - Wrist shot by Nick Bjugstad.
18:54 of 2nd period - Goal by Nick Bjugstad - Avalanche : 3 - Flames : 1.
18:55 of 2nd period - David Krejci wins face-off versus Sean Couturier in neutral zone.
19:14 of 2nd period - Sean Couturier is hit by Victor Hedman.
Goals for this period are 1 for Avalanche vs 1 for Flames.
Shots for this period are 16 for Avalanche vs 4 for Flames.

3rd period


0:01 of 3rd period - Sean Couturier wins face-off versus Anders Lee in neutral zone.
0:41 of 3rd period - Johnny Gaudreau is hit by Victor Hedman and loses puck.
1:00 of 3rd period - Snap shot by Nick Bjugstad.
1:00 of 3rd period - Shot Blocked by Mark Giordano.
1:02 of 3rd period - Wrist shot by Nick Jensen.
1:02 of 3rd period - Stopped by Pekka Rinne with a rebound.
1:37 of 3rd period - Off-side.
1:38 of 3rd period - Mark Jankowski wins face-off versus Victor Rask in neutral zone.
1:51 of 3rd period - Jujhar Khaira is hit by Kevan Miller and loses puck.
2:18 of 3rd period - Minor Penalty to Jay Bouwmeester for Boarding.
2:19 of 3rd period - David Krejci wins face-off versus Cedric Paquette in Avalanche zone.
2:21 of 3rd period - Slapshot by David Krejci.
2:21 of 3rd period - Goal by David Krejci - Avalanche : 3 - Flames : 2.
2:22 of 3rd period - David Krejci wins face-off versus Sean Couturier in neutral zone.
2:28 of 3rd period - Off-side.
2:29 of 3rd period - Sean Couturier wins face-off versus David Krejci in neutral zone.
3:24 of 3rd period - Slapshot by Marcus Sorensen.
3:24 of 3rd period - Shot Misses the Net.
3:32 of 3rd period - David Savard is hit by Zack Kassian and loses puck.
3:43 of 3rd period - Slapshot by Marcus Sorensen.
3:43 of 3rd period - Stopped by Pekka Rinne with a rebound.
3:45 of 3rd period - Backhand shot by Sam Reinhart.
3:45 of 3rd period - Shot Misses the Net.
3:47 of 3rd period - Wrist shot by Sam Reinhart.
3:47 of 3rd period - Deflect By David Krejci.
3:47 of 3rd period - Stopped by Pekka Rinne without a rebound.
3:48 of 3rd period - David Krejci wins face-off versus Sean Couturier in Avalanche zone.
3:49 of 3rd period - Snap shot by Sam Reinhart.
3:49 of 3rd period - Stopped by Pekka Rinne without a rebound.
3:50 of 3rd period - David Krejci wins face-off versus Sean Couturier in Avalanche zone.
4:21 of 3rd period - Anders Lee is hit by Johnny Gaudreau and loses puck.
4:34 of 3rd period - Minor Penalty to Anders Lee for Goalie Interference.
4:35 of 3rd period - Aleksander Barkov wins face-off versus Brad Richardson in Flames zone.
5:12 of 3rd period - Wrist shot by Mark Stone.
5:12 of 3rd period - Stopped by Carey Price without a rebound.
5:13 of 3rd period - Sean Couturier wins face-off versus David Kampf in Flames zone.
5:23 of 3rd period - Off-side.
5:24 of 3rd period - Aleksander Barkov wins face-off versus Brad Richardson in neutral zone.
5:29 of 3rd period - Brad Richardson is hit by Nikita Kucherov and loses puck.
6:06 of 3rd period - Slapshot by Mark Stone.
6:06 of 3rd period - Deflect By David Kampf.
6:06 of 3rd period - Shot Blocked by Marcus Sorensen.
6:06 of 3rd period - Puck is out of play.
6:07 of 3rd period - Brad Richardson wins face-off versus Sean Couturier in Flames zone.
6:34 of 3rd period - Penalty to Anders Lee is over, Anders Lee is back on ice.
6:37 of 3rd period - Icing by Victor Hedman.
6:38 of 3rd period - Cedric Paquette wins face-off versus Brad Richardson in Flames zone.
6:43 of 3rd period - Wrist shot by Anthony Duclair.
6:43 of 3rd period - Stopped by Carey Price without a rebound.
6:44 of 3rd period - Cedric Paquette wins face-off versus Pavel Zacha in Flames zone.
7:22 of 3rd period - Wrist shot by Sean Couturier.
7:22 of 3rd period - Shot Misses the Net.
7:38 of 3rd period - Snap shot by Johnny Gaudreau.
7:38 of 3rd period - Shot Misses the Net.
7:40 of 3rd period - Slapshot by Mark Stone.
7:40 of 3rd period - Stopped by Carey Price without a rebound.
7:41 of 3rd period - Pavel Zacha wins face-off versus Cedric Paquette in Flames zone.
7:41 of 3rd period - Pavel Zacha is hit by Zack Kassian.
7:47 of 3rd period - Wrist shot by Ryan Donato.
7:47 of 3rd period - Shot Blocked by Cedric Paquette.
7:49 of 3rd period - Slapshot by David Savard.
7:49 of 3rd period - Shot Misses the Net.
7:51 of 3rd period - Slapshot by David Savard.
7:51 of 3rd period - Stopped by Pekka Rinne with a rebound.
7:53 of 3rd period - Snap shot by Alex Chiasson.
7:53 of 3rd period - Stopped by Pekka Rinne without a rebound.
7:54 of 3rd period - David Krejci wins face-off versus Aleksander Barkov in Avalanche zone.
8:19 of 3rd period - Alex Chiasson is hit by Pavel Buchnevich and loses puck.
9:10 of 3rd period - Slapshot by David Kampf.
9:10 of 3rd period - Stopped by Pekka Rinne without a rebound.
9:11 of 3rd period - David Krejci wins face-off versus Aleksander Barkov in Avalanche zone.
9:12 of 3rd period - Wrist shot by Anders Lee.
9:12 of 3rd period - Deflect By Sam Reinhart.
9:12 of 3rd period - Shot Misses the Net.
9:12 of 3rd period - Puck is out of play.
9:13 of 3rd period - David Krejci wins face-off versus Aleksander Barkov in Avalanche zone.
9:14 of 3rd period - Wrist shot by Sam Reinhart.
9:14 of 3rd period - Shot Misses the Net.
10:01 of 3rd period - Slapshot by Drew Doughty.
10:01 of 3rd period - Shot Misses the Net.
11:02 of 3rd period - Wrist shot by Alex Chiasson.
11:02 of 3rd period - Stopped by Pekka Rinne without a rebound.
11:03 of 3rd period - Pavel Zacha wins face-off versus Sean Couturier in Avalanche zone.
11:26 of 3rd period - Brandon Manning is hit by Sean Couturier and loses puck.
12:08 of 3rd period - Icing by Alex Chiasson.
12:09 of 3rd period - Aleksander Barkov wins face-off versus Pavel Zacha in Flames zone.
12:34 of 3rd period - Snap shot by Pavel Zacha.
12:34 of 3rd period - Shot Misses the Net.
12:36 of 3rd period - Slapshot by Ryan Donato.
12:36 of 3rd period - Stopped by Pekka Rinne with a rebound.
12:38 of 3rd period - Snap shot by Kevan Miller.
12:38 of 3rd period - Stopped by Pekka Rinne without a rebound.
12:39 of 3rd period - David Krejci wins face-off versus Cedric Paquette in Avalanche zone.
12:52 of 3rd period - Zack Kassian is hit by Anders Lee.
13:11 of 3rd period - Wrist shot by Jujhar Khaira.
13:11 of 3rd period - Shot Blocked by Leo Komarov.
13:25 of 3rd period - Slapshot by David Savard.
13:25 of 3rd period - Stopped by Pekka Rinne with a rebound.
13:27 of 3rd period - Snap shot by David Savard.
13:27 of 3rd period - Stopped by Pekka Rinne without a rebound.
13:28 of 3rd period - Aleksander Barkov wins face-off versus Victor Rask in Avalanche zone.
13:57 of 3rd period - Wrist shot by Nikita Kucherov.
13:57 of 3rd period - Stopped by Carey Price with a rebound.
15:17 of 3rd period - Slapshot by Mattias Ekholm.
15:17 of 3rd period - Shot Misses the Net.
15:27 of 3rd period - Mark Giordano is hit by Brandon Manning and loses puck.
15:42 of 3rd period - Snap shot by Mark Giordano.
15:42 of 3rd period - Deflect By Cedric Paquette.
15:42 of 3rd period - Stopped by Carey Price with a rebound.
16:02 of 3rd period - Snap shot by Aleksander Barkov.
16:02 of 3rd period - Stopped by Carey Price without a rebound.
16:03 of 3rd period - Brad Richardson wins face-off versus Cedric Paquette in Flames zone.
16:12 of 3rd period - Snap shot by Nick Bjugstad.
16:12 of 3rd period - Stopped by Pekka Rinne without a rebound.
16:13 of 3rd period - Cedric Paquette wins face-off versus Brad Richardson in Avalanche zone.
16:46 of 3rd period - Slapshot by Leo Komarov.
16:46 of 3rd period - Stopped by Pekka Rinne without a rebound.
16:47 of 3rd period - David Krejci wins face-off versus Aleksander Barkov in Avalanche zone.
16:50 of 3rd period - Slapshot by Sam Reinhart.
16:50 of 3rd period - Stopped by Pekka Rinne with a rebound.
16:52 of 3rd period - Snap shot by Victor Hedman.
16:52 of 3rd period - Stopped by Pekka Rinne without a rebound.
16:53 of 3rd period - Aleksander Barkov wins face-off versus David Krejci in Avalanche zone.
17:00 of 3rd period - Snap shot by Aleksander Barkov.
17:00 of 3rd period - Stopped by Carey Price without a rebound.
17:01 of 3rd period - Brad Richardson wins face-off versus Anthony Duclair in Flames zone.
17:05 of 3rd period - Off-side.
17:06 of 3rd period - Brad Richardson wins face-off versus Cedric Paquette in neutral zone.
17:09 of 3rd period - Anthony Duclair is hit by Brad Richardson and loses puck.
17:40 of 3rd period - Slapshot by Drew Doughty.
17:40 of 3rd period - Stopped by Pekka Rinne without a rebound.
17:41 of 3rd period - Pavel Zacha wins face-off versus Aleksander Barkov in Avalanche zone.
17:54 of 3rd period - Pavel Zacha is hit by Aleksander Barkov and loses puck.
18:11 of 3rd period - Snap shot by Ryan Donato.
18:11 of 3rd period - Shot Misses the Net.
18:16 of 3rd period - Mark Giordano is hit by David Savard and loses puck.
18:51 of 3rd period - Slapshot by Anders Lee.
18:51 of 3rd period - Shot Misses the Net.
19:03 of 3rd period - Slapshot by Nikita Kucherov.
19:03 of 3rd period - Stopped by Carey Price with a rebound.
19:05 of 3rd period - Wrist shot by Sean Couturier.
19:05 of 3rd period - Shot Blocked by Drew Doughty.
19:15 of 3rd period - Snap shot by Sean Couturier.
19:15 of 3rd period - Stopped by Carey Price with a rebound.
19:25 of 3rd period - Flames, Carey Price is pulled from the net.
19:29 of 3rd period - Wrist shot by Sam Reinhart.
19:29 of 3rd period - Shot Misses the Net.
19:37 of 3rd period - Wrist shot by Sam Reinhart.
19:37 of 3rd period - Shot Misses the Net.
19:39 of 3rd period - Wrist shot by Sam Reinhart.
19:39 of 3rd period - Goal by Sam Reinhart - Avalanche : 3 - Flames : 3.
19:39 of 3rd period - Carey Price from Flames was sent back in the game.
19:40 of 3rd period - Cedric Paquette wins face-off versus Ryan Donato in neutral zone.
19:45 of 3rd period - Slapshot by Anthony Duclair.
19:45 of 3rd period - Stopped by Carey Price without a rebound.
19:46 of 3rd period - Ryan Donato wins face-off versus Cedric Paquette in Flames zone.
Goals for this period are 0 for Avalanche vs 2 for Flames.
Shots for this period are 10 for Avalanche vs 19 for Flames.

Overtime #1


0:01 of 1st overtime period - Aleksander Barkov wins face-off versus Anders Lee in neutral zone.
0:04 of 1st overtime period - Slapshot by Mark Giordano.
0:04 of 1st overtime period - Stopped by Carey Price with a rebound.
0:06 of 1st overtime period - Snap shot by Aleksander Barkov.
0:06 of 1st overtime period - Shot Misses the Net.
0:08 of 1st overtime period - Wrist shot by Nikita Kucherov.
0:08 of 1st overtime period - Stopped by Carey Price without a rebound.
0:09 of 1st overtime period - Aleksander Barkov wins face-off versus Anders Lee in Flames zone.
0:20 of 1st overtime period - Snap shot by Nikita Kucherov.
0:20 of 1st overtime period - Stopped by Carey Price with a rebound.
0:36 of 1st overtime period - Wrist shot by Anders Lee.
0:36 of 1st overtime period - Shot Blocked by Mark Giordano.
0:38 of 1st overtime period - Wrist shot by Anders Lee.
0:38 of 1st overtime period - Stopped by Pekka Rinne without a rebound.
0:39 of 1st overtime period - Aleksander Barkov wins face-off versus Anders Lee in Avalanche zone.
0:56 of 1st overtime period - Snap shot by Alex Chiasson.
0:56 of 1st overtime period - Stopped by Pekka Rinne without a rebound.
0:57 of 1st overtime period - Aleksander Barkov wins face-off versus David Krejci in Avalanche zone.
1:16 of 1st overtime period - Wrist shot by David Krejci.
1:16 of 1st overtime period - Stopped by Pekka Rinne without a rebound.
1:17 of 1st overtime period - Aleksander Barkov wins face-off versus Anders Lee in Avalanche zone.
4:33 of 1st overtime period - Nick Jensen is hit by Aleksander Barkov and loses puck.
4:48 of 1st overtime period - Wrist shot by Mark Jankowski.
4:48 of 1st overtime period - Deflect By Johnny Gaudreau.
4:48 of 1st overtime period - Stopped by Carey Price with a rebound.
Goals for this period are 0 for Avalanche vs 0 for Flames.
Shots for this period are 4 for Avalanche vs 3 for Flames.

ShootOut


5:00 of 1st overtime period - Round #1.
5:00 of 1st overtime period - Avalanche, Aleksander Barkov.
5:00 of 1st overtime period - Wrist shot by Aleksander Barkov.
5:00 of 1st overtime period - Stopped by Carey Price.
5:00 of 1st overtime period - Flames, Sam Reinhart.
5:00 of 1st overtime period - Wrist shot by Sam Reinhart.
5:00 of 1st overtime period - Stopped by Pekka Rinne.
5:00 of 1st overtime period - Round #2.
5:00 of 1st overtime period - Avalanche, Anthony Duclair.
5:00 of 1st overtime period - Backhand shot by Anthony Duclair.
5:00 of 1st overtime period - Goal by Anthony Duclair.
5:00 of 1st overtime period - Flames, Anders Lee.
5:00 of 1st overtime period - Wrist shot by Anders Lee.
5:00 of 1st overtime period - Shot Misses the Net.
5:00 of 1st overtime period - Round #3.
5:00 of 1st overtime period - Avalanche, Braydon Coburn.
5:00 of 1st overtime period - Backhand shot by Braydon Coburn.
5:00 of 1st overtime period - Goal by Braydon Coburn. Output by the SimonT Hockey Simulator (STHS) for Eric Tremblay - Original Page W3C HTML5 Valid
Hockey Simulator - Hockey Simulation - Hockey Manager